 Dungeon Crawl Stone Soup version 0.25.1-2-g60ff931df9 (webtiles) character file.

Game seed: 5386402384096145930

18822 IcyTea the Basher (level 12, 0/85 HPs)
             Began as a Yellow Draconian Skald on Sept 28, 2020.
             Was a High Priest of Okawaru.
             Succumbed to a spiny frog's poison
             ... on level 3 of the Lair of Beasts.
             The game lasted 00:58:49 (18176 turns).

IcyTea the Basher (Yellow Draconian Skald)         Turns: 18176, Time: 00:58:50

Health: 0/85       AC: 15    Str: 14    XL:     12   Next: 31%
Magic:  20/21      EV: 17    Int: 19    God:    Okawaru [*****.]
Gold:   117        SH: 13    Dex: 15    Spells: 5/23 levels left

rFire    + + .     SeeInvis +   b - +6 flail (flame)
rCold    . . .     Gourm    .   F - +0 kite shield
rNeg     . . .     Faith    .   (armour unavailable)
rPois    .         Spirit   .   R - +1 hat
rElec    +         Reflect  .   (no cloak)
rCorr    +         Harm     .   t - +3 pair of gloves "Ziukes" {rF++ Int+2 Dex+3}
MR       .....                  B - +1 pair of boots
Stlth    +++.......             (no amulet)
HPRegen  0.24/turn              d - +4 ring of slaying
MPRegen  0.17/turn              D - ring of see invisible

@: mighty, lethally poisoned (0 -> -4), heroism
A: spit acid, unfitting armour, talons 1, electricity resistance, cold-blooded,
MP-powered wands, acid resistance, AC +8
a: Breathe Acid, Heroism, Finesse, Renounce Religion


You were on level 3 of the Lair of Beasts.
You worshipped Okawaru.
Okawaru was extremely pleased with you.
You were hungry.

You visited 3 branches of the dungeon, and saw 15 of its levels.

You collected 717 gold pieces.
You spent 600 gold pieces at shops.

Inventory:

Hand Weapons
 a - a +2 mace of protection
 b - a +6 flail of flaming (weapon)
 h - the +1 morningstar of Meff {flame, *Slow Str+2 Dex+7 Stlth+}
   (Okawaru gifted it to you on level 11 of the Dungeon)

   It has been specially enchanted to burn those struck by it, causing extra
   injury to most foes and up to half again as much damage against particularly
   susceptible opponents.
   It affects your strength (+2).
   It affects your dexterity (+7).
   It may slow you when you take damage.
   It makes you more stealthy.
 r - a +1 vorpal flail
Missiles
 l - 51 poisoned darts (quivered)
 C - 2 throwing nets
 N - 5 boomerangs of dispersal
Armour
 t - the +3 pair of gloves "Ziukes" (worn) {rF++ Int+2 Dex+3}
   (Okawaru gifted it to you on level 2 of the Lair of Beasts)

   It affects your intelligence (+2).
   It affects your dexterity (+3).
   It greatly protects you from fire.
 B - a +1 pair of boots (worn)
 F - a +0 kite shield (worn)
 R - a +1 hat (worn)
Jewellery
 d - a +4 ring of slaying (left hand)
 x - an uncursed ring of positive energy
 D - a ring of see invisible (right hand)
 E - an uncursed ring of protection from cold
 I - the ring "Omexti Ozxi" {rC+ Str+6 Int-4}
   (You found it on level 5 of the Dungeon)

   [ring of intelligence]

   It affects your strength (+6).
   It affects your intelligence (-4).
   It protects you from cold.
Wands
 m - a wand of iceblast (11)
 o - a wand of acid (6)
 H - a wand of disintegration (14)
 J - a wand of digging (4)
 K - a wand of polymorph (16)
 L - a wand of enslavement (9)
 M - a wand of flame (19)
 P - a wand of random effects (14)
Scrolls
 f - 3 scrolls of amnesia
 i - 5 scrolls of enchant armour
 j - 9 scrolls of remove curse
 q - 2 scrolls of immolation
 w - 3 scrolls of identify
 y - 3 scrolls of teleportation
 z - a scroll of blinking
 Q - 2 scrolls of fog
 S - a scroll of silence
Potions
 e - a potion of stabbing
 k - a potion of might
 n - a potion of invisibility
 p - 2 potions of flight
 v - 2 potions of brilliance
 A - a potion of haste
Miscellaneous
 T - a tin of tremorstones (3/3)
Comestibles
 c - 20 rations


   Skills:
 - Level 2.1(7.1) Fighting
 - Level 14.0(19.0) Maces & Flails
 - Level 2.1(7.1) Dodging
 + Level 10.2(15.2) Shields
 - Level 6.0 Spellcasting
 - Level 5.0 Charms
 - Level 3.2 Summonings
 - Level 1.0 Translocations
 - Level 2.0 Ice Magic
 - Level 6.0 Invocations


You had 5 spell levels left.
You knew the following spells:

 Your Spells              Type           Power        Failure   Level  Hunger
a - Infusion              Chrm           ###.         1%          1    None
b - Song of Slaying       Chrm           ###.....     2%          2    None
c - Shroud of Golubria    Chrm/Tloc      ###...       4%          2    None
d - Ozocubu's Armour      Chrm/Ice       ###.....     8%          3    ##.....
e - Summon Butterflies    Summ           ###.....     3%          1    None
f - Lesser Beckoning      Tloc           #.........   22%         3    ##.....
g - Apportation           Tloc           #.....       8%          1    None
h - Lightning Bolt        Conj/Air       #.........   97%         5    #####..

Your spell library contained the following spells:

 Spells                   Type           Power        Failure   Level  Hunger
 Freeze                   Ice            ##..         4%          1    None
 Swiftness                Chrm/Air       ###.....     6%          2    None
 Animate Skeleton         Necr           N/A          11%         1    None
 Pain                     Necr           #...         11%         1    None
 Shock                    Conj/Air       #...         11%         1    None
 Spectral Weapon          Hex/Chrm       ###.....     12%         3    ##.....
 Frozen Ramparts          Ice            ##....       14%         3    ##.....
 Static Discharge         Conj/Air       #.......     32%         3    ##.....
 Tukima's Dance           Hex            #.......     32%         3    ##.....
 Vampiric Draining        Necr           #.........   32%         3    ##.....
 Summon Ice Beast         Ice/Summ       ###.....     36%         4    ####...
 Hailstorm                Conj/Ice       #.......     58%         4    ####...
 Airstrike                Air            #.........   73%         4    ####...
 Animate Dead             Necr           N/A          73%         4    ####...
 Iskenderun's Battlesphe  Conj/Chrm      ###.....     73%         5    #####..
 Agony                    Necr           #.......     97%         5    #####..
 Alistair's Intoxication  Tmut/Pois      #.......     97%         5    #####..
 Bolt of Magma            Conj/Fire/Erth #.........   97%         5    #####..
 Invisibility             Hex            #.......     100%        6    #######
 Iron Shot                Conj/Erth      #.........   100%        6    #######
 Orb of Destruction       Conj           #.........   100%        7    #######
 Spellforged Servitor     Conj/Summ      ##........   100%        7    #######


Dungeon Overview and Level Annotations

Branches:
Dungeon (11/15)            Temple (1/1) D:7            Lair (3/6) D:8
    Orc (0/2) D:10
  Swamp: Lair:2-4    Shoals: Lair:2-4     Snake: Lair:2-4    Spider: Lair:2-4

Altars:
Ashenzari
Cheibriados
Dithmenos
Elyvilon
Fedhas
Gozag
Hepliaklqana
Kikubaaqudgha
Makhleb
Nemelex Xobeh
Okawaru
Qazlal
Ru
Sif Muna
Trog
Uskayaw
Vehumet
Wu Jian
Xom
Yredelemnul
Zin
The Shining One

Shops:
D:4 :   D:6 }   D:7 (

Annotations:
Lair:1 3 runed translucent doors, DearestLeader's ghost, journeyman TrMo


Innate Abilities, Weirdness & Mutations

You can spit globs of acid.
Your golden yellow scales are hard. (AC +8)
You cannot fit into any form of body armour.
You are cold-blooded and may be slowed by cold attacks.
You are resistant to acid. (rCorr)
You have sharp toenails.
You are resistant to electric shocks. (rElec)
You expend magic power (3 MP) to strengthen your wands.


Message History

Okay, then.
Okay, then.
You feel very mighty all of a sudden.
* * * LOW HITPOINT WARNING * * *
You feel sick.
Okay, then.
As you read the scroll labeled JESTRU BICKOIS, it crumbles to dust.
It is a scroll of brand weapon.
Your +6 flail of draining is engulfed in flames!
b - a +6 flail of flaming (weapon)
* * * LOW HITPOINT WARNING * * *
You feel sick.
* * * LOW HITPOINT WARNING * * *
You feel sick.
* * * LOW HITPOINT WARNING * * *
You feel sick.
The spiny frog seems to regain its courage.
* * * LOW HITPOINT WARNING * * *
You feel sick.
You die...

### ## #.#
###.###
##†###.[.....
#..).........
##.@<......$.
##..........
#..........
#F.........
#.#.........
###?........
###.......
.......
.....#.


You could see a spiny frog.

Vanquished Creatures
  A hydra (Lair:1)
  2 two-headed ogres
  3 unseen horrors (D:10)
  A faun (Lair:3)
  2 elephants
  2 spiny frogs
  2 komodo dragons (Lair:2)
  A troll (D:9)
  A polar bear (Lair:2)
  A hornet (D:11)
  4 hippogriffs
  2 wyverns (D:9)
  13 yaks
  A basilisk (Lair:1)
  A steam dragon (D:10)
  Grum (D:10)
  Edmund (D:4)
  4 water moccasins
  4 porcupines
  A black bear (D:9)
  2 phantoms
  5 sky beasts
  4 orc warriors
  3 hornet zombies
  5 ice beasts
  6 ogres
  15 wolves
  7 centaurs
  5 crocodiles
  A big kobold (D:8)
  14 bullfrogs
  A wyvern skeleton (D:7)
  A scorpion (D:5)
  3 killer bees (D:7)
  8 wights
  A crimson imp (D:9)
  A centaur zombie (D:9)
  A howler monkey (D:5)
  2 bullfrog zombies
  3 hounds
  3 jellies
  11 orc priests
  3 centaur skeletons
  A bullfrog skeleton (D:10)
  16 orc wizards
  2 gnoll shamans
  Terence (D:2)
  4 iguanas
  Natasha (thrice) (D:2)
  8 worker ants
  A killer bee zombie (D:10)
  2 hound zombies (D:8)
  2 hound skeletons
  A howler monkey zombie (D:8)
  3 worker ant zombies
  9 gnolls
  11 adders
  3 shadow imps
  4 oozes
  An adder skeleton (D:6)
  2 leopard geckos
  44 orcs
  8 bats
  2 giant cockroaches
  7 goblins
  7 hobgoblins
  11 jackals
  A quokka (D:2)
  2 ball pythons
  5 frilled lizards
  11 kobolds
  8 rats
333 creatures vanquished.

Vanquished Creatures (others)
  A hound (D:8)
  An iguana (D:8)
  A worker ant (D:8)
  A leopard gecko (D:8)
  A kobold (D:8)
  3 fungi
8 creatures vanquished.

Grand Total: 341 creatures vanquished

Notes
Turn   | Place    | Note
-------+----------+-------------------------------------------
     0 | D:1      | IcyTea the Draconian Skald began the quest for the Orb.
     0 | D:1      | Reached XP level 1. HP: 17/17 MP: 3/3
   129 | D:1      | Reached XP level 2. HP: 13/24 MP: 5/5
   135 | D:1      | Learned a level 2 spell: Song of Slaying
   138 | D:1      | Learned a level 2 spell: Shroud of Golubria
   470 | D:1      | Reached skill level 3 in Maces & Flails
  1274 | D:2      | Reached XP level 3. HP: 24/29 MP: 6/6
  1399 | D:2      | Noticed Terence
  1421 | D:2      | Killed Terence
  1421 | D:2      | Reached skill level 4 in Maces & Flails
  1421 | D:2      | Reached XP level 4. HP: 15/36 MP: 2/7
  1728 | D:2      | Reached skill level 5 in Maces & Flails
  2046 | D:2      | Reached XP level 5. HP: 34/41 MP: 8/8
  2364 | D:3      | Noticed Natasha
  2381 | D:2      | Killed Natasha
  2594 | D:2      | Noticed Natasha
  2606 | D:2      | Killed Natasha
  2606 | D:2      | Reached skill level 6 in Maces & Flails
  2878 | D:2      | Noticed Natasha
  2883 | D:2      | Killed Natasha
  3001 | D:3      | Found a basalt altar of Yredelemnul.
  3072 | D:3      | Reached XP level 6. HP: 45/48 MP: 9/9
  3114 | D:3      | Learned a level 3 spell: Ozocubu's Armour
  3162 | D:3      | Found an ancient bone altar of Kikubaaqudgha.
  3165 | D:3      | Found an opulent altar of Gozag.
  3316 | D:3      | Found a blossoming altar of Fedhas.
  3536 | D:4      | Noticed Edmund
  3603 | D:4      | Killed Edmund
  3961 | D:4      | Reached skill level 1 in Translocations
  4189 | D:4      | Reached skill level 1 in Ice Magic
  4189 | D:4      | Your scales start taking on a golden yellow colour.
  4189 | D:4      | Reached XP level 7. HP: 45/55 MP: 10/10
  4189 | D:4      | Gained mutation: You are resistant to acid. (rCorr) [Yellow
                  | Draconian growth]
  4581 | D:4      | Found a shattered altar of Ashenzari.
  4622 | D:4      | Found Uklaim's Book Shop.
  4891 | D:5      | Entered Level 5 of the Dungeon
  4922 | D:5      | Found a sparkling altar of Nemelex Xobeh.
  4987 | D:5      | Reached skill level 7 in Maces & Flails
  5226 | D:5      | Reached skill level 8 in Maces & Flails
  5346 | D:5      | Reached XP level 8. HP: 48/61 MP: 8/11
  5442 | D:5      | Got a slimy copper ring
  5443 | D:5      | Identified the cursed ring "Omexti Ozxi" {rC+ Str+6 Int-4}
                  | (You found it on level 5 of the Dungeon)
  5887 | D:6      | Found Ijuc's Gadget Shop.
  5907 | D:6      | Reached skill level 9 in Maces & Flails
  6025 | D:6      | Found a shadowy altar of Dithmenos.
  6205 | D:6      | Reached skill level 10 in Maces & Flails
  7421 | D:7      | Reached XP level 9. HP: 59/67 MP: 12/12
  7434 | D:7      | Reached skill level 11 in Maces & Flails
  7837 | D:7      | Found a staircase to the Ecumenical Temple.
  7861 | Temple   | Entered the Ecumenical Temple
  8168 | Temple   | Became a worshipper of Warmaster Okawaru
  8231 | D:7      | Found a white marble altar of Elyvilon.
  8238 | D:7      | Found Wepsuss's Antique Weapon Boutique.
  8386 | D:7      | Reached skill level 12 in Maces & Flails
  8422 | D:7      | HP: 3/67 [poisoned by a killer bee]
  8430 | D:7      | HP: 3/67 [poisoned by a killer bee]
  8438 | D:7      | HP: 3/67 [poisoned by a killer bee]
  9118 | D:8      | Found a glowing golden altar of the Shining One.
  9157 | D:8      | Found a shimmering altar of Xom.
  9299 | D:8      | Reached skill level 13 in Maces & Flails
  9385 | D:8      | Reached * piety under Okawaru
  9784 | D:8      | Found a staircase to the Lair.
  9870 | D:8      | Noticed a two-headed ogre
 10166 | D:9      | Reached XP level 10. HP: 65/73 MP: 13/13
 10309 | D:9      | Reached ** piety under Okawaru
 10420 | D:9      | Reached skill level 14 in Maces & Flails
 10642 | D:9      | Found a white marble altar of Elyvilon.
 10921 | D:10     | Entered Level 10 of the Dungeon
 11495 | D:10     | Reached skill level 5 in Spellcasting
 11522 | D:10     | Noticed an unseen horror
 11534 | D:10     | Killed an unseen horror
 11534 | D:10     | Reached *** piety under Okawaru
 11665 | D:10     | Noticed Grum
 11685 | D:10     | Killed Grum
 11685 | D:10     | Reached skill level 5 in Charms
 11841 | D:10     | Reached skill level 1 in Shields
 11982 | D:10     | Gained mutation: You have sharp toenails. [potion of
                  | mutation]
 11982 | D:10     | Gained mutation: You expend magic power (3 MP) to
                  | strengthen your wands. [potion of mutation]
 11982 | D:10     | Gained mutation: You are resistant to electric shocks.
                  | (rElec) [potion of mutation]
 12031 | D:10     | Reached **** piety under Okawaru
 12033 | D:10     | Reached XP level 11. HP: 36/79 MP: 17/20
 12681 | D:10     | Found a staircase to the Orcish Mines.
 12719 | D:10     | Noticed an unseen horror
 12731 | D:10     | Killed an unseen horror
 12731 | D:10     | Reached skill level 5 in Shields
 12976 | D:10     | Noticed an unseen horror
 12986 | D:10     | Killed an unseen horror
 13118 | D:11     | Noticed a two-headed ogre
 13389 | D:11     | Reached ***** piety under Okawaru
 13542 | D:11     | Killed a two-headed ogre
 13542 | D:11     | Reached skill level 5 in Invocations
 13638 | D:11     | Received a gift from Okawaru
 13641 | D:11     | Got a crystal morningstar {god gift}
 13642 | D:11     | Identified the +1 morningstar of Meff {flame, *Slow Str+2
                  | Dex+7 Stlth+} (Okawaru gifted it to you on level 11 of the
                  | Dungeon)
 13822 | D:8      | Killed a two-headed ogre
 13907 | D:4      | Bought a book of Party Tricks for 600 gold pieces
 13910 | D:4      | Learned a level 1 spell: Summon Butterflies
 13914 | D:4      | Learned a level 3 spell: Lesser Beckoning
 13916 | D:4      | Learned a level 1 spell: Apportation
 13922 | D:4      | Learned a level 5 spell: Lightning Bolt
 14150 | D:8      | Found an opulent altar of Gozag.
 14608 | D:8      | Found a hazy altar of Hepliaklqana.
 14686 | Lair:1   | Entered Level 1 of the Lair of Beasts
 15197 | Lair:1   | Noticed a four-headed hydra
 15205 | Lair:1   | Killed a four-headed hydra
 15353 | Lair:1   | Found a runed translucent gate.
 15354 | Lair:1   | Found a runed translucent gate.
 15355 | Lair:1   | Found a runed translucent gate.
 15361 | Lair:1   | Noticed DearestLeader's ghost (journeyman TrMo)
 16069 | Lair:2   | Reached XP level 12. HP: 85/85 MP: 21/21
 16107 | Lair:2   | Found a hide-covered altar of Uskayaw.
 16688 | Lair:3   | Noticed a six-headed hydra
 17176 | Lair:2   | Reached skill level 1 in Summonings
 17467 | Lair:2   | HP: 6/127 [wolf (7)]
 17482 | Lair:2   | Received a gift from Okawaru
 17506 | Lair:2   | Got a pair of encrusted gloves {god gift}
 17517 | Lair:2   | Identified the +3 pair of gloves "Ziukes" {rF++ Int+2
                  | Dex+3} (Okawaru gifted it to you on level 2 of the Lair of
                  | Beasts)
 18161 | Lair:3   | Reached skill level 10 in Shields
 18169 | Lair:3   | HP: 4/85 [poisoned by a spiny frog]
 18173 | Lair:3   | HP: 1/85 [poisoned by a spiny frog]
 18176 | Lair:3   | Succumbed to a spiny frog's poison

Illustrated notes

Levels and vault maps discovered:
D:1:      heliophobic_arrival_glass_houses, layout_loops_ring
D:2:      layout_basic, uniq_terence
D:3:      layout_rooms, lemuel_doored_altar, nicolae_overflow_hidden_temple,
          first_ration, lemuel_altar_in_water, uniq_natasha
D:4:      layout_loops_cross, kennysheep_little_box, serial_shops, shop,
          uniq_edmund
D:5:      layout_basic, lemuel_coloured_pillars_altar, dk_noncrumbling_3
D:6:      layout_loops_ring, serial_shops, shop, grunt_dithmenos_smoke
D:7:      layout_loops_ring, kennysheep_mini, minmay_temple_entry_mist,
          serial_shops, nicolae_shop_crystal
D:8:      layout_rooms, marbit_many_paths, xom_confusion_cloud,
          lemuel_round_altar, lemuel_centaur_altar
D:9:      layout_loops_ring, basic_altar
D:10:     kennysheep_ambush_hall, layout_long_grid, orc_0_dummy, uniq_grum
D:11:     layout_irregular_city, guppyfry_shop_earth
Temple:   dshaligram_water_room_temple
Lair:1:   layout_loops_ring, ebering_ghost_rock_garden
Lair:2:   layout_layer_cave, basic_altar, serial_bayou_shore_a,
          lemuel_fruit_fields
Lair:3:   layout_hall_layers, minmay_shoals_entry_lonely_mermaid,
          minmay_snake_entry_six_corridors, gammafunk_ghost_grave,
          roderic_batcave, grunt_forest_large_clearings

Skill      XL: |  1  2  3  4  5  6  7  8  9 10 11 12 |
---------------+-------------------------------------+-----
Maces & Flails | 3 4 5 6 8 10 13 14 | 14.0
Charms         | 4 5 |  5.0
Translocations | 1 |  1.0
Ice Magic      | 1 2 |  2.0
Spellcasting   | 6 |  6.0
Shields        | 3 9 10 | 10.2
Invocations    | 6 |  6.0
Summonings     | 3 |  3.2
Fighting       | |  2.1
Dodging        | |  2.1

Action                   |  1- 3 |  4- 6 |  7- 9 | 10-12 || total
-------------------------+-------+-------+-------+-------++-------
Melee: Mace              |   106 |   138 |    34 |    38 ||   316
       Tailslap          |     4 |    12 |    27 |    51 ||    94
       Flail             |       |    20 |   341 |   484 ||   845
Throw: Dart              |       |     5 |       |     1 ||     6
 Cast: Song of Slaying   |     1 |     2 |     4 |     4 ||    11
       Shroud of Golubri |     1 |     3 |     3 |     2 ||     9
       Infusion          |       |     2 |     2 |     1 ||     5
       Ozocubu's Armour  |       |       |     1 |       ||     1
       Summon Butterflie |       |       |       |     1 ||     1
Invok: Heroism           |       |       |       |     1 ||     1
  Use: Scroll            |       |     2 |     7 |    11 ||    20
       Potion            |       |     1 |       |    12 ||    13
 Stab: Sleeping          |     1 |       |       |       ||     1
  Eat: Chunk             |     2 |     9 |    16 |    22 ||    49
       Ration            |       |       |     1 |     1 ||     2
Armor: Skin              |    35 |    55 |   126 |   220 ||   436
Dodge: Dodged            |    69 |   113 |   215 |   251 ||   648
Block: Kite shield       |       |       |       |   181 ||   181
